 Dungeon Crawl Stone Soup version 0.28-a0-1429-gf3d713df7a (webtiles) character file.

Game seed: 5086876663280988746

79 Deminshera the Poker (level 4, -9/37 HPs)
             Began as a Merfolk Monk on Jan 8, 2022.
             Mangled by Crazy Yiuf (10 damage)
             ... on level 2 of the Dungeon.
             The game lasted 00:01:28 (1790 turns).

Deminshera the Poker (Merfolk Monk)                 Turns: 1790, Time: 00:01:30

Health: -9/37      AC:  6    Str: 13    XL:     4   Next: 37%
Magic:  4/4        EV: 10    Int:  9    God:
Gold:   112        SH:  0    Dex: 16    Spells: 3/3 levels left

rFire   . . .      SeeInvis .   a - +0 spear
rCold   . . .      Faith    .   (no shield)
rNeg    . . .      Spirit   .   d - +0 scale mail
rPois   .          Reflect  .   (no helmet)
rElec   .          Harm     .   (no cloak)
rCorr   .          Rampage  .   (no gloves)
Will    .....                   (no boots)
Stlth   +.........              (no amulet)
HPRegen 0.12/turn               (no ring)
MPRegen 0.09/turn               (no ring)

@: lethally poisoned (-9 -> -25), invisible
A: (nimble swimmer 2), mertail
a: no special abilities


You were on level 2 of the Dungeon.
You visited 1 branch of the dungeon, and saw 2 of its levels.

You collected 112 gold pieces.

Inventory:

Hand Weapons
 a - a +0 spear (weapon)
Armour
 d - a +0 scale mail (worn)
Scrolls
 c - 2 scrolls of identify {unknown}
 f - a scroll of noise {unknown}
 g - a scroll of summoning {unknown}
 h - a scroll of magic mapping {unknown}
Potions
 e - a potion of cancellation {unknown}
 i - a potion of brilliance {unknown}


   Skills:
 + Level 3.9 Fighting
 * Level 5.8 Polearms
 + Level 4.6 Dodging
 - Level 3.0 Stealth


You had 3 spell levels left.
You didn't know any spells.
Your spell library was empty.

Dungeon Overview and Level Annotations

Branches:
Dungeon (2/15)

Altars:

Annotations:
D:2 Crazy Yiuf


Innate Abilities, Weirdness & Mutations

((You are very nimble when in or above water. (Stealth+, EV+, Speed+++)))
Your lower body shifts to a powerful aquatic tail in water.


Message History

Failed to move towards target.
Could not explore, unopened runed door.
Failed to move towards target.
Failed to move towards target.
You open the door.
Crazy Yiuf grits, "Ten turtle tortoise!"
You hit Crazy Yiuf.
Crazy Yiuf is lightly wounded.
Crazy Yiuf grits, "Walk!"
Crazy Yiuf barely misses you.
You hit Crazy Yiuf but do no damage.
Crazy Yiuf is lightly wounded.
Crazy Yiuf closely misses you.
You hit Crazy Yiuf.
Crazy Yiuf is moderately wounded.
Crazy Yiuf hits you with a +2 quarterstaff of chaos!
Crazy Yiuf burns you.
You closely miss Crazy Yiuf.
Crazy Yiuf is moderately wounded.
Crazy Yiuf screams, "Gnoll!
Rot tired rumpyflump."
Crazy Yiuf barely misses you.
You hit Crazy Yiuf but do no damage.
Crazy Yiuf is moderately wounded.
You hit Crazy Yiuf but do no damage.
Crazy Yiuf is moderately wounded.
Crazy Yiuf hits you with a +2 quarterstaff of chaos.
You are poisoned.
You closely miss Crazy Yiuf.
Crazy Yiuf is moderately wounded.
You feel sick.
Crazy Yiuf hits you with a +2 quarterstaff of chaos.
You are lethally poisoned!
It was a potion of invisibility.
You fade into invisibility!
* * * LOW HITPOINT WARNING * * *
You feel very sick.
Crazy Yiuf hits you with a +2 quarterstaff of chaos!
* * * LOW HITPOINT WARNING * * *
You are electrocuted!
You die...

#.# ## #.# #. #.# #.
### #. ########.
#######.....##. ###
###.#....####.##.
#...##..#.PP...###.##.
#...g@####PP........#.
#)..### ##P.....#.##.
### ######.####. #.#
#. #.# #. #.# #.
#.####. #.##...
#.##.##


You could see Crazy Yiuf.

Vanquished Creatures
  2 adders (D:2)
  A worm (D:2)
  A dart slug (D:2)
  4 bats
  6 endoplasms
  A giant cockroach (D:1)
  6 hobgoblins
  6 jackals
  5 quokkas
  10 ball pythons
  4 frilled lizards
  A goblin (D:2)
  2 kobolds (D:1)
  A rat (D:1)
50 creatures vanquished.

Notes
Turn   | Place    | Note
-------+----------+-------------------------------------------
     0 | D:1      | Deminshera the Merfolk Monk began the quest for the Orb.
     0 | D:1      | Reached XP level 1. HP: 18/18 MP: 1/1
   181 | D:1      | Reached XP level 2. HP: 24/24 MP: 2/2
   393 | D:1      | Reached skill level 5 in Polearms
   478 | D:1      | Reached XP level 3. HP: 29/29 MP: 3/3
   479 | D:1      | Found a faded altar of an unknown god.
  1272 | D:2      | Found a runed translucent door.
  1273 | D:2      | Noticed Crazy Yiuf
  1349 | D:2      | Reached XP level 4. HP: 37/37 MP: 4/4
  1790 | D:2      | HP: 1/37 [Crazy Yiuf (7)]
  1790 | D:2      | Mangled by Crazy Yiuf

Illustrated notes

Levels and vault maps discovered:
D:1:      tarquinn_simple_flora_water_d, layout_basic,
          hellmonk_ecumenical_altar_inner_sanctum
D:2:      layout_loops_ring, minmay_tripent, uniq_crazy_yiuf_cottage

Skill      XL: |  1  2  3  4 |
---------------+-------------+-----
Polearms       | 5 |  5.8
Stealth        | 3 |  3.0
Fighting       | |  3.9
Dodging        | |  4.6

Action                   |  1- 3 |  4- 6 || total
-------------------------+-------+-------++-------
Melee: Spear             |   143 |    36 ||   179
       Punch             |     2 |     1 ||     3
  Use: Potion            |       |     1 ||     1
Armor: Scale mail        |    41 |     8 ||    49
Dodge: Dodged            |    49 |    12 ||    61

Table legend: (Time is in decaauts)
 A = Elapsed time spent in this place.
 B = Non-inter-level travel time spent in this place.
 C = Inter-level travel time spent in this place.
 D = Time resting spent in this place.
 E = Time spent auto-exploring this place.
 F = Levels seen in this place.
 G = Mean time per level.
                   A        B        C        D        E       F      G
               +--------+--------+--------+--------+--------+-----+--------+
         Total |   1760 |   1729 |     31 |     62 |   1373 |   2 |  880.0 |
       Dungeon |   1760 |   1729 |     31 |     62 |   1373 |   2 |  880.0 |
               +--------+--------+--------+--------+--------+-----+--------+

Top non-repeatable levels by time:
     D:1: 898 daAuts
     D:2: 862 daAuts
